 Dungeon Crawl Stone Soup version 0.32-a0-131-g9dbbe29261 (webtiles) character file.

Game seed: 9151161140446801849

304 Dittersdorf the Shield-Bearer (level 6, -5/39 HPs)
             Began as a Gargoyle Fighter on Feb 8, 2024.
             Killed from afar by an orc wizard (7 damage)
             ... with a magic dart
             ... on level 4 of the Dungeon.
             The game lasted 00:03:03 (3485 turns).

Dittersdorf the Shield-Bearer (Gargoyle Fighter)    Turns: 3485, Time: 00:03:04

Health: -5/39      AC:  0    Str: 22    XL:     6   Next: 38%
Magic:  6/6        EV: 17    Int:  8    God:
Gold:   275        SH:  0    Dex: 14    Spells: 5/5 levels left

rFire   . . .        a - melded +0 flail
rCold   . . .        t - melded +0 tower shield
rNeg    + . .        o - melded +4 ring mail of Ginuj {Will+ Str+3}
rPois   ∞            (helmet currently unavailable)
rElec   .            (cloak currently unavailable)
rCorr   .            (gloves currently unavailable)
SInv    .            (boots currently unavailable)
Will    .....        (no amulet)
Stlth   +            (ring currently unavailable)
HPRegen 0.26/turn    (ring currently unavailable)
MPRegen 0.10/turn

%: no passive effects
@: bat-form, flying, very quick
A: fast, flying, no casting, sickness immunity, AC +4, tiny, negative energy
resistance 1, (electricity resistance), torment resistance 1, petrification
resistance
a: no special abilities


You were on level 4 of the Dungeon.
You were a bat.
You visited 1 branch of the dungeon, and saw 4 of its levels.

You collected 275 gold pieces.

Inventory:

Hand Weapons
 a - a +0 flail (melded)
Armour
 o - the +4 ring mail of Ginuj (melded) {Will+ Str+3}
   (You took it off a hobgoblin on level 3 of the Dungeon)

   Str+3:     It affects your strength (+3).
   Will+:     It increases your willpower.
 t - a +0 tower shield (melded)
Scrolls
 b - a scroll of teleportation {unknown}
 e - 2 scrolls of vulnerability {unknown}
 f - 6 scrolls of identify {unknown}
 g - a scroll of noise {unknown}
 k - a scroll of butterflies {unknown}
 n - 2 scrolls of blinking {unknown}
 p - a scroll of fear {unknown}
 s - a scroll of immolation {unknown}
Potions
 d - a potion of might
 h - a potion of curing {unknown}
 i - a potion of invisibility {unknown}
 j - a potion of experience {unknown}
 l - a potion of attraction {unknown}
 m - a potion of lignification {unknown}
 q - a potion of ambrosia {unknown}
 r - a potion of heal wounds {unknown}


   Skills:
 + Level 4.7 Fighting
 + Level 3.6 Maces & Flails
 + Level 4.7 Armour
 + Level 4.7 Shields


You had 5 spell levels left.
You didn't know any spells.
Your spell library contained the following spells:

 Spells                   Type           Power      Damage    Failure   Level
 Dazzling Flash           Conj/Hex       0%         N/A       78%         3
 Volatile Blastmotes      Fire/Tloc      0%         2d10      78%         3
 Dispel Undead            Necr           0%         3d6       99%         4
 Martyr's Knell           Necr/Summ      0%         N/A       99%         4
 Death Channel            Necr           0%         N/A       100%        6
 Starburst                Conj/Fire      0%         6d3       100%        6
 Maxwell's Capacitive Co  Air            0%         ∞         100%        8
 Cigotuvi's Dreadful Rot  Necr/Alch/Air  Unusable   N/A       N/A         2

Dungeon Overview and Level Annotations

Branches:
Dungeon (4/15)
 Temple: D:4-7

Altars:
Elyvilon
Makhleb
Trog


Innate Abilities, Weirdness & Mutations

You are a bat.
You are tiny and dextrous.
You move quickly.
You are flying.
Your equipment is almost entirely melded.
You are incapable of wielding weapons or throwing items.
You cannot cast spells.
You are immune to sickness and miasma.
((Your stone body is resilient. (AC +4)))
You are immune to poison.
You resist negative energy. (rN+)
((You are resistant to electric shocks. (rElec)))
You are resistant to unholy torment.
You are immune to petrification.


Message History

The orc wizard gestures wildly while chanting.
The orc wizard flickers and vanishes!
Deactivating autopickup; reactivate with Ctrl-A.
Something hits you but does no damage.
The orc shouts!
You hear a shout!
You closely miss something. Something hits you but does no damage.
You miss something.
The orc zaps a wand.
You turn into a bat.
Your +0 flail melds into your body.
Your +0 tower shield melds into your body.
The +4 ring mail of Ginuj {Will+ Str+3} melds into your body.
Something hits you. The orc closely misses you.
You closely miss the orc. Something hits you. The orc hits you with a +0 club.
You hit the orc.
The orc is severely wounded.
Something closely misses you. The orc completely misses you.
You hit the orc.
You kill the orc!
Something hits you.
You closely miss the orc. You hit the orc.
The orc is heavily wounded.
Something barely misses you. The orc closely misses you.
You closely miss the orc.
The orc is heavily wounded.
Something hits you. The orc completely misses you.
You hit the orc.
You kill the orc!
Something hits you.
* * * LOW HITPOINT WARNING * * *
Something hits you.
* * * LOW HITPOINT WARNING * * *
Items here: $ )) / †.
You miss something. Something hits you.
* * * LOW HITPOINT WARNING * * *
You hit something. You hit something but do no damage.
You hear some strange, mumbled words.
A magic dart appears from out of thin air!
The magic dart hits you!
You die...

##......## ###.....#
##....## ##....##
###....# #......###
#.. ##.......####
###...
##.........###....(.
#.......{b.........
#..###...#.........
#..## ###.#†........
#..## ###)).......
...# #))....... ...
#.........
#...!.....
#.........
.......##.


There were no monsters in sight!

Vanquished Creatures
  A scorpion (D:4)
  A bombardier beetle (D:4)
  A hound (D:4)
  An iguana (D:4)
  3 gnolls (D:3)
  2 adders
  5 dart slugs
  2 ribbon worms
  7 orcs
  7 ball pythons
  8 endoplasms
  4 giant cockroaches (D:1)
  5 goblins
  10 hobgoblins
  7 jackals
  6 kobolds
  A quokka (D:2)
  4 bats
  6 frilled lizards
  7 rats
88 creatures vanquished.

Vanquished Creatures (others)
  An orc wizard (D:4)
1 creature vanquished.

Grand Total: 89 creatures vanquished

Notes
Turn   | Place    | Note
-------+----------+-------------------------------------------
     0 | D:1      | Dittersdorf the Gargoyle Fighter began the quest for the
                  | Orb.
     0 | D:1      | Reached XP level 1. HP: 14/14 MP: 1/1
   229 | D:1      | Reached XP level 2. HP: 15/19 MP: 2/2
   447 | D:1      | Reached XP level 3. HP: 23/23 MP: 3/3
   469 | D:1      | Found a faded altar of an unknown god.
  1187 | D:2      | Identified the +2 leather armour "Ephog" {^Drain Will+
                  | Str+5}
  1251 | D:2      | Reached XP level 4. HP: 29/29 MP: 4/4
  2281 | D:3      | Identified the +4 ring mail of Ginuj {Will+ Str+3}
  2663 | D:3      | Found a burning altar of Makhleb.
  2714 | D:3      | Reached XP level 5. HP: 2/33 MP: 5/5
  3050 | D:4      | Noticed an ogre
  3128 | D:4      | Found a white marble altar of Elyvilon.
  3158 | D:4      | Reached XP level 6. HP: 27/39 MP: 6/6
  3343 | D:4      | Found a bloodstained altar of Trog.
  3483 | D:4      | HP: 1/39 [something (3)]
  3485 | D:4      | Killed from afar by an orc wizard

Illustrated notes

Levels and vault maps discovered:
D:1:      psy_arrival_dodecagon, layout_loops_corners, basic_ecumenical_altar,
          st_stairs_4
D:2:      layout_basic, serial_bayou_lagoon_a, grunt_decor_mini_mirrors
D:3:      layout_loops_corners, mainiacjoe_overflow_24_doors
D:4:      layout_cave_pods, amcnicky_altar_gilded,
          mainiacjoe_overflow_cross_hatched

Skill      XL: |  1  2  3  4 |
---------------+-------------+-----
Armour         | 4 |  4.7
Shields        | 4 |  4.7
Fighting       | 4 |  4.7
Maces & Flails | 3 |  3.6

Action                     |  1- 3 |  4- 6 || total
---------------------------+-------+-------++-------
  Melee: Flail             |   108 |   190 ||   298
         Unarmed           |       |    10 ||    10
 Armour: Scale mail        |    75 |    43 ||   118
         Ring mail         |       |   109 ||   109
         Skin              |       |     9 ||     9
  Dodge: Dodged            |    66 |    83 ||   149
  Block: Buckler           |    21 |    34 ||    55
         Tower shield      |       |    44 ||    44

Table legend: (Time is in decaauts)
 A = Elapsed time spent in this place.
 B = Non-inter-level travel time spent in this place.
 C = Inter-level travel time spent in this place.
 D = Time resting spent in this place.
 E = Time spent auto-exploring this place.
 F = Levels seen in this place.
 G = Mean time per level.
                   A        B        C        D        E       F      G
               +--------+--------+--------+--------+--------+-----+--------+
         Total |   3587 |   3356 |    231 |    196 |   2450 |   4 |  896.8 |
       Dungeon |   3587 |   3356 |    231 |    196 |   2450 |   4 |  896.8 |
               +--------+--------+--------+--------+--------+-----+--------+

Top non-repeatable levels by time:
     D:3: 1229 daAuts
     D:1: 1020 daAuts
     D:2: 929 daAuts
     D:4: 409 daAuts
